 Dungeon Crawl Stone Soup version 0.29-a0-378-gc08b2e8bf8 (webtiles) character file.

Game seed: 12735707533815996389

18 RepHenryClay the Slasher (level 2, -2/22 HPs)
             Began as a Demonspawn Gladiator on May 5, 2022.
             Slain by Sigmund
             ... wielding a +2 scythe of protection
              (10 damage)
             ... on level 2 of the Dungeon.
             The game lasted 00:01:09 (1547 turns).

RepHenryClay the Slasher (Demonspawn Gladiator)     Turns: 1547, Time: 00:01:10

Health: -2/22      AC:  4    Str: 14    XL:     2   Next: 48%
Magic:  0/2        EV: 12    Int:  9    God:
Gold:   15         SH:  0    Dex: 14    Spells: 1/1 levels left

rFire   . . .      SeeInvis .   a - +0 long sword
rCold   . . .      Faith    .   (no shield)
rNeg    . . .      Spirit   +   b - +0 leather armour
rPois   .          Reflect  .   c - +0 helmet
rElec   .          Harm     .   (no cloak)
rCorr   .          Rampage  .   (no gloves)
Will    .....                   (no boots)
Stlth   +.........              i - amulet of guardian spirit
HPRegen 0.07/turn               (no ring)
MPRegen 0.16/turn               (no ring)

@: brilliant, attractive, hasted, very quick
A: magic regeneration
a: no special abilities


You were on level 2 of the Dungeon.
You visited 1 branch of the dungeon, and saw 2 of its levels.

You collected 15 gold pieces.

Inventory:

Hand Weapons
 a - a +0 long sword (weapon)
Missiles
 d - a throwing net (quivered)
 e - a javelin
Armour
 b - a +0 leather armour (worn)
 c - a +0 helmet (worn)
Jewellery
 i - an amulet of guardian spirit (around neck)
Scrolls
 h - a scroll of enchant weapon {unknown}
 k - a scroll of identify {unknown}
 m - a scroll of enchant armour {unknown}
Potions
 f - a potion of haste
 g - a potion of attraction
 j - a potion of brilliance
 l - a potion of lignification {unknown}


   Skills:
 - Level 2.1 Fighting
 + Level 3.2 Long Blades
 - Level 2.0 Throwing
 - Level 2.8 Dodging


You had one spell level left.
You didn't know any spells.
Your spell library was empty.

Dungeon Overview and Level Annotations

Branches:
Dungeon (2/15)

Altars:

Annotations:
D:2 Sigmund


Innate Abilities, Weirdness & Mutations

You regenerate magic rapidly.


Message History

HP restored.
You climb downwards.
Level annotation: Sigmund
There is a stone staircase leading up here.
Throw: 2 throwing nets
Press: ? - help, Q - select action, (/) - cycle Shift-Dir - straight line, f - Sigmund
Aim: Sigmund, wielding a +2 scythe of protection and wearing a +0 robe (57% to hit)
You throw a throwing net. The throwing net hits Sigmund.
Sigmund is caught in the net!
Sigmund's eyes start glowing with a red light.
Sigmund struggles against the net.
Sigmund gestures wildly while chanting.
Sigmund flickers and vanishes!
Deactivating autopickup; reactivate with Ctrl-A.
Something wriggles in the net.
No target in view!
You barely miss something. You hit something. You punch something.
Something wriggles in the net.
You slash something!
You hear some strange, mumbled words.
A puff of flame appears from out of thin air!
The puff of flame misses you.
Something wriggles in the net.
You hit something.
Something wriggles in the net.
All of a sudden the net rips apart!
You miss something. Something hits you.
Damage: -13%(-3hp) hp: 87%(19hp)
You hit something. Something hits you!
Huge Dmg: -32%(-7hp) hp: 55%(12hp)
You hit something but do no damage. You hit something but do no damage.
Something hits you.
* * * LOW HITPOINT WARNING * * *
Huge Dmg: -23%(-5hp) hp: 37%(8hp) It was a potion of haste.
You feel yourself speed up. Something hits you but does no damage.
It was a potion of attraction.
You feel attractive to monsters.
It was a potion of brilliance.
You feel clever all of a sudden. Something hits you!
You die...

#<......## #
........# .#
........# ..
.......#. #.
....?....
##.###.....##
#...#..!....#
#...#.<.....#
#...{@......#
#...##.....##
#... ##...##
#... ####
####


There were no monsters in sight!

Vanquished Creatures
  A dart slug (D:1)
  2 endoplasms (D:1)
  4 goblins (D:1)
  A hobgoblin (D:1)
  2 ball pythons (D:1)
  A kobold (D:1)
  7 rats (D:1)
18 creatures vanquished.

Vanquished Creatures (others)
  A plant (D:1)
1 creature vanquished.

Grand Total: 19 creatures vanquished

Notes
Turn   | Place    | Note
-------+----------+-------------------------------------------
     0 | D:1      | RepHenryClay the Demonspawn Gladiator began the quest for
                  | the Orb.
     0 | D:1      | Reached XP level 1. HP: 16/16 MP: 1/1
   475 | D:1      | Gained mutation: You regenerate magic rapidly. [demonic
                  | ancestry]
   475 | D:1      | Reached XP level 2. HP: 16/22 MP: 0/2
   573 | D:1      | Reached skill level 3 in Long Blades
  1317 | D:2      | Noticed Sigmund
  1547 | D:2      | Slain by Sigmund

Illustrated notes

Levels and vault maps discovered:
D:1:      dpeg_arrival_rhombus, layout_basic, serial_forest,
          infiniplex_forest_clump_tiny, infiniplex_forest_clump_medium,
          infiniplex_forest_end_2, infiniplex_forest_clump_long,
          infiniplex_forest_straight_2, infiniplex_forest_clump_double,
          infiniplex_forest_end_3, infiniplex_forest_straight_3,
          infiniplex_forest_zigzag_1
D:2:      layout_rooms, chequers_serial_rivers_micro_a, serial_bayou_lagoon_a,
          uniq_terence, uniq_crazy_yiuf_cottage, uniq_natasha, uniq_sigmund

Skill      XL: |  1  2 |
---------------+-------+-----
Throwing       | 2 |  2.0
Long Blades    | 3 |  3.2
Fighting       | |  2.1
Dodging        | |  2.8

Action                   || total
-------------------------++-------
Melee: Long sword        ||    58
       Punch             ||     1
Throw: Throwing net      ||     2
  Use: Potion            ||     3
 Stab: Sleeping          ||     1
       Held in net/web   ||     1
Armor: Leather armour    ||     6
Dodge: Dodged            ||    28

Table legend: (Time is in decaauts)
 A = Elapsed time spent in this place.
 B = Non-inter-level travel time spent in this place.
 C = Inter-level travel time spent in this place.
 D = Time resting spent in this place.
 E = Time spent auto-exploring this place.
 F = Levels seen in this place.
 G = Mean time per level.
                   A        B        C        D        E       F      G
               +--------+--------+--------+--------+--------+-----+--------+
         Total |   1562 |   1543 |     19 |    202 |   1174 |   2 |  781.0 |
       Dungeon |   1562 |   1543 |     19 |    202 |   1174 |   2 |  781.0 |
               +--------+--------+--------+--------+--------+-----+--------+

Top non-repeatable levels by time:
     D:1: 1533 daAuts
     D:2: 29 daAuts
